 Dungeon Crawl Stone Soup version 0.27.1-33-g824d729ab1 (webtiles) character file.

Game seed: 11621491322779542700

242 dianekeaton the Basher (level 5, -2/67 HPs)
             Began as a Minotaur Berserker on Dec 9, 2021.
             Was a Believer of Trog.
             Slain by an orc warrior (14 damage)
             ... on level 4 of the Dungeon.
             The game lasted 00:05:50 (2796 turns).

dianekeaton the Basher (Minotaur Berserker)         Turns: 2796, Time: 00:05:51

Health: -2/67      AC:  6    Str: 29    XL:     5   Next: 82%
Magic:  4/4        EV:  8    Int:  4    God:    Trog [**....]
Gold:   92         SH:  8    Dex:  9    Spells: 4/4 levels left

rFire    . . .     SeeInvis .   a - +0 mace
rCold    . . .     Faith    .   i - +0 kite shield
rNeg     . . .     Spirit   .   d - +0 ring mail
rPois    .         Reflect  .   (helmet restricted)
rElec    .         Harm     .   (no cloak)
rCorr    .         Rampage  .   (no gloves)
Will     ++...                  h - +0 pair of boots
Stlth    ..........             (no amulet)
HPRegen  1.21/turn              c - +6 ring of strength
MPRegen  0.09/turn              (no ring)

@: berserking, strong-willed, regenerating, very quick
A: horns 2, retaliatory headbutt
a: Renounce Religion, Berserk, Trog's Hand


You were on level 4 of the Dungeon.
You worshipped Trog.
Trog was pleased with you.
You visited 1 branch of the dungeon, and saw 4 of its levels.

You collected 92 gold pieces.

Inventory:

Hand Weapons
 a - a +0 mace (weapon)
Armour
 d - a +0 ring mail (worn)
 h - a +0 pair of boots (worn)
 i - a +0 kite shield (worn)
 n - a +0 pair of gloves
Jewellery
 c - a +6 ring of strength (left hand)
 m - a ring of positive energy
Scrolls
 e - a scroll of silence {unknown}
 f - a scroll of amnesia {unknown}
 g - 2 scrolls of identify {unknown}
 k - a scroll of enchant weapon {unknown}
 l - a scroll of blinking {unknown}
Potions
 b - a potion of flight {unknown}
 j - a potion of magic {unknown}


   Skills:
 - Level 3.6 Fighting
 + Level 8.0 Maces & Flails
 - Level 2.4 Armour
 - Level 2.1 Dodging


You had 4 spell levels left.
You didn't know any spells.
Your spell library was empty.

Dungeon Overview and Level Annotations

Branches:
Dungeon (4/15)
 Temple: D:4-7

Altars:

Shops:
D:1 *


Innate Abilities, Weirdness & Mutations

You have a pair of horns on your head.
You reflexively headbutt those who attack you in melee.


Message History

There is a stone staircase leading up here.
Items here: ))) [ ††.
Found a stone staircase leading down.
The orc warrior shouts!
Okay, then.
You closely miss the orc warrior. You block the orc warrior's attack.
You hit the orc warrior. Your headbutt misses the orc warrior.
The orc warrior is lightly wounded.
The orc warrior hits you with a +0 mace! x2
Your skin crawls.
You feel strong-willed.
The orc warrior hits you with a +0 mace.
You barely miss the orc warrior. Your headbutt misses the orc warrior.
The orc warrior is lightly wounded.
You block the orc warrior's attack.
You hit the orc warrior.
The orc warrior is lightly wounded.
You block the orc warrior's attack.
Your shield prevents you from hitting the orc warrior.
The orc warrior is lightly wounded.
You block the orc warrior's attack.
You hit the orc warrior but do no damage.
The orc warrior is lightly wounded.
You block the orc warrior's attack.
The orc warrior hits you with a +0 mace.
Your shield and ring mail prevent you from hitting the orc warrior.
The orc warrior is lightly wounded.
The orc warrior hits you with a +0 mace!
Your ring mail prevents you from hitting the orc warrior.
The orc warrior is lightly wounded.
The orc warrior hits you with a +0 mace!
* * * LOW HITPOINT WARNING * * *
A red film seems to cover your vision as you go berserk!
You feel yourself moving faster!
You feel mighty! You block the orc warrior's attack.
You hit the orc warrior.
You headbutt the orc warrior, but do no damage.
The orc warrior is moderately wounded.
The orc warrior hits you with a +0 mace!
You die...

#.......#....... ......
+....... + #....+##......
.####....+........
....#....###...#'###
#..#....#.........# #
##..#....#.........# .#
..............).o..####.#
....##'##.......@..+....
.......##..........##.#
.#....###.............#####
.#....###.######+#........#
........................>.#
...........##############.#
##........................#
##......##+#........#######
)...................#


You could see an orc warrior.

Vanquished Creatures
  A black bear (D:3)
  An iguana (D:4)
  An orc wizard (D:3)
  2 adders
  An adder skeleton (D:4)
  A worm (D:3)
  A dart slug (D:1)
  16 orcs
  4 bats
  4 endoplasms
  A giant cockroach (D:2)
  4 goblins
  4 hobgoblins
  2 jackals (D:3)
  A quokka (D:1)
  2 ball pythons
  3 frilled lizards
  6 kobolds
  6 rats
61 creatures vanquished.

Notes
Turn   | Place    | Note
-------+----------+-------------------------------------------
     0 | D:1      | dianekeaton the Minotaur Berserker began the quest for the
                  | Orb.
     0 | D:1      | Reached XP level 1. HP: 19/19 MP: 0/0
   122 | D:1      | Found Ofrarho's Assorted Antiques.
   127 | D:1      | Reached skill level 4 in Maces & Flails
   340 | D:1      | Reached XP level 2. HP: 22/26 MP: 1/1
  1110 | D:2      | Reached skill level 5 in Maces & Flails
  1110 | D:2      | Reached XP level 3. HP: 30/31 MP: 2/2
  1224 | D:2      | Reached ** piety under Trog
  1541 | D:3      | Noticed a black bear
  1551 | D:3      | Killed a black bear
  1552 | D:3      | Reached skill level 7 in Maces & Flails
  1552 | D:3      | Reached XP level 4. HP: 27/39 MP: 3/3
  1552 | D:3      | Reached XP level 5. HP: 31/45 MP: 4/4
  2699 | D:4      | Noticed an orc warrior
  2732 | D:4      | Reached skill level 8 in Maces & Flails
  2796 | D:4      | Slain by an orc warrior

Illustrated notes

Levels and vault maps discovered:
D:1:      moated_graveyard_arrival, layout_loops_corners, serial_shops,
          shop_fountains
D:2:      layout_rooms
D:3:      layout_basic
D:4:      layout_basic, saegor_snake_ambush, uniq_eustachio

Skill      XL: |  1  2  3  4  5 |
---------------+----------------+-----
Maces & Flails | 4 5 7 8 |  8.0
Fighting       | |  3.6
Armour         | |  2.4
Dodging        | |  2.1

Action                   |  1- 3 |  4- 6 || total
-------------------------+-------+-------++-------
Melee: Mace              |    67 |    66 ||   133
       Headbutt          |    12 |    11 ||    23
Invok: Trog's Hand       |     1 |     2 ||     3
       Berserk           |     1 |     1 ||     2
Armor: Ring mail         |    24 |    34 ||    58
Dodge: Dodged            |    29 |    29 ||    58
Block: Kite shield       |    11 |    35 ||    46
